 Dungeon Crawl Stone Soup version 0.18-a0-1140-g8540535 (webtiles) character file.

64 Reinor the Insei (level 4, 0/31 HPs)
             Began as an Octopode Chaos Knight on Jan 21, 2016.
             Succumbed to poison (a potion of poison)
             ... on level 2 of the Dungeon.
             The game lasted 00:04:27 (2070 turns).

Reinor the Insei (Octopode Chaos Knight)            Turns: 2070, Time: 00:04:27

Health: 0/31       AC: -2    Str: 11    XL:     4   Next: 12%
Magic:  4/4        EV: 10    Int: 14    God:    Xom [..*...]
Gold:   61         SH:  0    Dex: 12    Spells: 0 memorised, 3 levels left

rFire  . . .     SeeInvis .       - Unarmed
rCold  . . .     Gourm    .     (no shield)
rNeg   . . .     Faith    .     (helmet restricted)
rPois  .         Spirit   .     (no amulet)
rElec  .         Dismiss  .     i - -2 ring of evasion (curse)
rCorr  .         Reflect  .     j - -3 ring of protection (curse)
SustAt .         Harm     .     (no ring)
MR     .....                    (no ring)
Stlth  ++........               (no ring)
                                (no ring)
                                (no ring)
                                (no ring)

@: lethally poisoned (0 -> -17), not resistant to hostile enchantments,
unstealthy
A: almost no armour, amphibious, 8 rings, constrict 8, camouflage 1, gelatinous
body 1
a: Renounce Religion


You were on level 2 of the Dungeon.
You worshipped Xom.
You were a toy of Xom.
You were hungry.

You visited 1 branch of the dungeon, and saw 2 of its levels.

You collected 61 gold pieces.

Inventory:

Missiles
 c - 8 javelins of penetration (quivered)
Jewellery
 i - a cursed -2 ring of evasion (left tentacle)
 j - a cursed -3 ring of protection (right tentacle)
Wands
 l - a wand of enslavement (16/24)
Scrolls
 e - a scroll of enchant armour
Potions
 d - a potion of brilliance {unknown}
 f - a potion of haste {unknown}
 h - a potion of resistance {unknown}
 k - a potion of curing {unknown}
 n - a potion of poison
Comestibles
 a - 4 bread rations
 b - a meat ration
 g - a beef jerky
 m - a slice of pizza


   Skills:
 - Level 3.0 Fighting
 - Level 2.3 Dodging
 + Level 4.8 Unarmed Combat


You had 3 spell levels left.
You didn't know any spells.

Dungeon Overview and Level Annotations

Branches:
Dungeon (2/15)

Altars:
Ashenzari
Kikubaaqudgha
Qazlal
The Shining One


Innate Abilities, Weirdness & Mutations

You cannot wear most types of armour.
You are amphibious.
You can wear up to eight rings at the same time.
You can use your tentacles to constrict eight enemies at once.
Your skin changes colour to match your surroundings (Stealth).
Your rubbery body absorbs attacks (AC +1).


Message History

Okay, then.
You feel sick.
You are too injured to fight recklessly!
You are too injured to fight recklessly!
You are too injured to fight recklessly!
You feel sick.
The goblin shoots a stone.
The stone hits you.
* * * LOW HITPOINT WARNING * * *
You see here 2 stones.
You barely miss the goblin. You grab the goblin. You constrict the goblin.
The goblin unwields an uncursed hunting sling.
The goblin wields an uncursed dagger.
The goblin hits you with an uncursed dagger.
* * * LOW HITPOINT WARNING * * *
Drink which item? (? for menu, Esc to quit)
It was a potion of poison.
That liquid tasted very nasty...
You are more poisoned.
You constrict the goblin.
You kill the goblin!
You die...
Xom titters!

#.# #...#
#.#.......# #.#
#...# ............
#.# #...#
#....#......#
#.####.(.#
#....########
#........# #....#
########.# #....#
#.#######....#
######.#.((.......#
..........@#####...#
#######.#)..<..... .
...#.(....### ##
#####.(..#.# #.
#......# #. #....#.#
#. #..##### #. #...
#. #... #.


There were no monsters in sight!

Vanquished Creatures
  2 adders (D:2)
  3 worms (D:2)
  2 giant geckos (D:1)
  3 bats
  2 giant cockroaches
  6 goblins
  5 hobgoblins
  4 kobolds
  2 quokkas (D:2)
  2 giant newts (D:2)
  2 rats
33 creatures vanquished.

Notes
Turn   | Place    | Note
--------------------------------------------------------------
     0 | D:1      | Reinor the Octopode Chaos Knight began the quest for the Orb.
     0 | D:1      | Reached XP level 1. HP: 16/16 MP: 1/1
   244 | D:1      | XOM: divination: detect items
   381 | D:1      | XOM: god gift: 8 javelins of penetration
   454 | D:1      | Reached XP level 2. HP: 21/21 MP: 2/2
  1075 | D:1      | Reached skill level 4 in Unarmed Combat
  1169 | D:2      | Found a stormy altar of Qazlal.
  1200 | D:2      | Reached XP level 3. HP: 14/26 MP: 3/3
  1213 | D:2      | XOM: vitrification
  1464 | D:2      | XOM: divination: detect creatures
  1540 | D:2      | XOM: polymorph kobold -> giant cockroach
  1604 | D:2      | XOM: vitrification
  1789 | D:2      | XOM: polymorph hobgoblin -> quokka
  1795 | D:2      | Found an ancient bone altar of Kikubaaqudgha.
  1802 | D:2      | Found a glowing golden altar of the Shining One.
  1802 | D:2      | Found a shattered altar of Ashenzari.
  1992 | D:2      | XOM: 1-stop teleportation journey
  2055 | D:2      | Reached XP level 4. HP: 20/31 MP: 4/4
  2070 | D:2      | Succumbed to poison (a potion of poison)

Vault maps used:
D:1:      eino_arrival_cavern_d, roderic_lattice_a, hangedman_glass_garden,
          kennysheep_another_room, due_unseen_surprise
D:2:      grunt_temple_overflow_open, grunt_qazlal_clouds, uniq_robin

Action                   |  1- 3 |  4- 6 || total
-------------------------+-------+-------++-------
Melee: Unarmed           |    80 |     1 ||    81
  Use: Scroll            |     3 |       ||     3
       Potion            |       |     1 ||     1
 Stab: Sleeping          |     5 |       ||     5
  Eat: Chunk             |     3 |       ||     3
